 Dungeon Sprint DCSS version 0.31-a0-1074-g0b22e4e0f1 (webtiles) character file.

Game seed: 6751023622561745185

298 rocky1 the Blocker (level 9, 0/117 HPs)
             Began as a Gnoll Fighter on Nov 28, 2023.
             Was a Priest of Cheibriados.
             Slain by the 27-headed Lernaean hydra (5 damage)
             ... in the Dungeon (Sprint VI: "Thunderdome").
             The game lasted 00:06:02 (538 turns).

rocky1 the Blocker (Gnoll Fighter)                   Turns: 538, Time: 00:06:03

Health: 0/117      AC:  8    Str: 28    XL:     9   Next: 39%
Magic:  11/20      EV: 22    Int: 24    God:    Cheibriados [***...]
Gold:   147        SH:  8    Dex: 28    Spells: 23/23 levels left

rFire   . . .        a - +0 flail
rCold   . . .        c - +0 buckler
rNeg    + . .        b - +0 scale mail
rPois   .            (no helmet)
rElec   .            (no cloak)
rCorr   .            (no gloves)
SInv    .            (no boots)
Will    .....        q - amulet of Fyqaxel {RegenMP rN+ Int+2 Dex+4} Stlth
                     p - ring "Esoche" {EV+5 Dex+2}
HPRegen 0.39/turn    l - ring "Sutte" {Int+6 Dex+3}
MPRegen 0.57/turn

%: no teleportation, clarity
@: mighty, berserking (expiring), very slow
A: fangs 1, strong nose, distributed training, clarity, wild magic 1, evolution
2, MP-powered wands
a: Renounce Religion, Bend Time, Temporal Distortion


You were in the Dungeon.
You worshipped Cheibriados.
Cheibriados was most pleased with you.
You visited 1 branch You collected 600 gold pieces.
You spent 453 gold pieces at shops.

Inventory:

Hand Weapons
 a - a +0 flail (weapon)
Missiles
 r - a boomerang (quivered)
Armour
 b - a +0 scale mail (worn)
 c - a +0 buckler (worn)
Jewellery
 l - the ring "Sutte" (right hand) {Int+6 Dex+3}
   (You bought it in a shop in the Dungeon)

   [ring of intelligence]

   Int+6:     It affects your intelligence (+6).
   Dex+3:     It affects your dexterity (+3).
 o - the amulet of Xony {Faith rF+ Str+3}
   (You bought it in a shop in the Dungeon)

   [amulet of faith]

   Faith:     It allows you to gain divine favour quickly.
   Str+3:     It affects your strength (+3).
   rF+:       It protects you from fire.
 p - the ring "Esoche" (left hand) {EV+5 Dex+2}
   (You bought it in a shop in the Dungeon)

   [ring of evasion]

   EV+5:      It affects your evasion (+5).
   Dex+2:     It affects your dexterity (+2).
 q - the amulet of Fyqaxel (around neck) {RegenMP rN+ Int+2 Dex+4}
   (You bought it in a shop in the Dungeon)

   [amulet of magic regeneration]

   RegenMP:   It increases your rate of magic regeneration.
   Int+2:     It affects your intelligence (+2).
   Dex+4:     It affects your dexterity (+4).
   rN+:       It protects you from negative energy.
Scrolls
 j - 2 scrolls of blinking
 n - 3 scrolls of fog
Potions
 e - a potion of curing
 f - 5 potions of heal wounds
 g - 4 potions of haste
 h - 2 potions of magic
 k - a potion of resistance
 m - a potion of mutation


   Skills:
 + Level 10.2 Fighting
 + Level 7.7 Short Blades
 + Level 7.7 Long Blades
 + Level 7.7 Axes
 + Level 9.1 Maces & Flails
 + Level 7.7 Polearms
 + Level 7.7 Staves
 + Level 7.7 Ranged Weapons
 + Level 7.7 Throwing
 + Level 10.2 Armour
 + Level 7.7 Dodging
 + Level 7.7 Stealth
 + Level 10.2 Shields
 + Level 7.7 Unarmed Combat
 + Level 7.7 Spellcasting
 + Level 6.4 Conjurations
 + Level 6.4 Hexes
 + Level 6.4 Summonings
 + Level 6.4 Necromancy
 + Level 6.4 Translocations
 + Level 6.4 Transmutations
 + Level 6.4 Fire Magic
 + Level 6.4 Ice Magic
 + Level 6.4 Air Magic
 + Level 6.4 Earth Magic
 + Level 6.4 Poison Magic
 + Level 8.5 Invocations
 + Level 7.7 Evocations
 + Level 7.1 Shapeshifting


You had 23 spell levels left.
You didn't know any spells.
Your spell library was empty.

Dungeon Overview and Level Annotations

Branches:
Dungeon (1/1)

Altars:
Cheibriados
Dithmenos
Fedhas
Gozag
Kikubaaqudgha
Makhleb
Okawaru
Qazlal
Ru
Sif Muna
Trog
Uskayaw
Vehumet
Wu Jian
Xom
Yredelemnul
Zin
The Shining One
Lugonu

Shops:
D *[=??*?*:[((!!!!

Annotations:
D Lernaean hydra


Innate Abilities, Weirdness & Mutations

You have very sharp teeth.
Your uncanny sense of smell can sniff out nearby items.
Your experience applies equally to all skills.
You possess an exceptional clarity of mind.
Your spells are a little harder to cast, but a little more powerful.
You have great hidden genetic potential.
You expend magic power (3 MP) to strengthen your wands.


Message History

The 27-headed Lernaean hydra bites you.
The 27-headed Lernaean hydra bites you but does no damage.
The 27-headed Lernaean hydra bites you! The 27-headed Lernaean hydra bites you.
The 27-headed Lernaean hydra misses you.
The 27-headed Lernaean hydra bites you but does no damage.
The 27-headed Lernaean hydra closely misses you.
The 27-headed Lernaean hydra bites you. x2
The 27-headed Lernaean hydra bites you but does no damage. x2
The 27-headed Lernaean hydra closely misses you.
The 27-headed Lernaean hydra bites you but does no damage. x2
The 27-headed Lernaean hydra bites you!
The 27-headed Lernaean hydra bites you. x3
Unknown command.
You thump the 27-headed Lernaean hydra!
The 27-headed Lernaean hydra is heavily wounded.
Unknown command.
You sock the 27-headed Lernaean hydra!
The 27-headed Lernaean hydra is heavily wounded.
The 27-headed Lernaean hydra completely misses you.
The 27-headed Lernaean hydra bites you but does no damage.
You block the 27-headed Lernaean hydra's attack.
The 27-headed Lernaean hydra bites you. x2
* * * LOW HITPOINT WARNING * * *
The 27-headed Lernaean hydra misses you.
You block the 27-headed Lernaean hydra's attack.
The 27-headed Lernaean hydra bites you but does no damage.
The 27-headed Lernaean hydra bites you.
* * * LOW HITPOINT WARNING * * *
The 27-headed Lernaean hydra bites you but does no damage. x2
The 27-headed Lernaean hydra bites you.
* * * LOW HITPOINT WARNING * * *
The 27-headed Lernaean hydra completely misses you.
The 27-headed Lernaean hydra bites you!
* * * LOW HITPOINT WARNING * * *
The 27-headed Lernaean hydra bites you!
* * * LOW HITPOINT WARNING * * *
The 27-headed Lernaean hydra barely misses you.
The 27-headed Lernaean hydra completely misses you.
The 27-headed Lernaean hydra bites you but does no damage. x2
The 27-headed Lernaean hydra bites you.
You die...

⌠...........n#
.8..÷.†..).8.######
.....###......___∩##
...8.# #.8........∩###
.....###.............##
..###...###...†......⌠#
..# #.<.# #..........⌠#
..###...###....D.....⌠#
.....###........@....##
...8.# #.8........∩###
.....###......_._∩##
.8........)8.######
⌠...........⌠#
##.........###
#_......._# #_.)....._#
#_......._#


You could see the 27-headed Lernaean hydra.

Vanquished Creatures
  3 merfolk (D)
  A snapping turtle (D)
  2 wyverns (D)
  6 neqoxecs (D)
  An ogre (D)
  A centaur (D)
  2 phantoms (D)
  A wight (D)
  A sleepcap (D)
  An adder (D)
  A worm (D)
  A bat skeleton (D)
  A hobgoblin (D)
  A quokka (D)
  A quokka zombie (D)
24 creatures vanquished.

Notes
Turn   | Place    | Note
-------+----------+-------------------------------------------
     0 | D        | rocky1 the Gnoll Fighter began the quest for the Orb.
     0 | D        | Reached XP level 1. HP: 23/23 MP: 1/1
     3 | D        | Found a burning altar of Makhleb.
     4 | D        | Found an iron altar of Okawaru.
     4 | D        | Found a sacrificial altar of Ru.
     5 | D        | Found a bloodstained altar of Trog.
     5 | D        | Found an opulent altar of Gozag.
     5 | D        | Round 1.
     6 | D        | Found Keoghost's Timeless Talismans.
     6 | D        | Found a corrupted altar of Lugonu.
     6 | D        | Found a basalt altar of Yredelemnul.
     6 | D        | Found Tuynax's Identification Station.
     7 | D        | Found Taekum's Jewellery.
     7 | D        | Found Koorr's Advanced Armour.
     9 | D        | Found a shadowy altar of Dithmenos.
     9 | D        | Noticed a wight
    12 | D        | Killed a wight
    13 | D        | Reached skill level 5 in Maces & Flails
    13 | D        | Reached skill level 1 in Conjurations
    13 | D        | Reached skill level 1 in Hexes
    13 | D        | Reached skill level 1 in Summonings
    13 | D        | Reached skill level 1 in Necromancy
    13 | D        | Reached skill level 1 in Translocations
    13 | D        | Reached skill level 1 in Transmutations
    13 | D        | Reached skill level 1 in Fire Magic
    13 | D        | Reached skill level 1 in Ice Magic
    13 | D        | Reached skill level 1 in Air Magic
    13 | D        | Reached skill level 1 in Earth Magic
    13 | D        | Reached skill level 1 in Poison Magic
    13 | D        | Reached XP level 2. HP: 29/29 MP: 1/5
    13 | D        | Reached XP level 3. HP: 35/35 MP: 1/6
    13 | D        | Found a glowing silver altar of Zin.
    16 | D        | Found Siquumm's Premium Goods.
    17 | D        | Found a shimmering blue altar of Sif Muna.
    17 | D        | Found a snail-covered altar of Cheibriados.
    17 | D        | Found a shimmering altar of Xom.
    17 | D        | Found Lemius's Weapon Rack.
    17 | D        | Found Goinlyw's Miscellaneous Merchandise.
    17 | D        | Found Ikkix's Basic Armour.
    21 | D        | Found a hide-covered altar of Uskayaw.
    25 | D        | Became a worshipper of Cheibriados the Contemplative
    28 | D        | Found a radiant altar of Vehumet.
    29 | D        | Found Xof Vepi's Do-It-Yourself Clinic.
    30 | D        | Found Ofaische's Bottled Wisdom.
    30 | D        | Found Coguil's Distillery.
    31 | D        | Found a stormy altar of Qazlal.
    31 | D        | Found a blossoming altar of Fedhas.
    31 | D        | Found an ancient bone altar of Kikubaaqudgha.
    31 | D        | Found Relliem's Distillery.
    36 | D        | Found an ornate altar of the Wu Jian Council.
    37 | D        | Found a glowing golden altar of the Shining One.
    38 | D        | Found Vudonuq's Staff Store.
    39 | D        | Found Rijiom Damne's Must-Have Magic.
    39 | D        | Found Zuth's Magic Scroll Shop.
    40 | D        | Found Foeca's Magic Scroll Shop.
    83 | D        | Noticed a phantom
    87 | D        | Killed a phantom
    88 | D        | Reached XP level 4. HP: 43/43 MP: 6/8
    88 | D        | Reached XP level 5. HP: 48/48 MP: 6/9
    99 | D        | Noticed a phantom
   113 | D        | Killed a phantom
   113 | D        | Reached * piety under Cheibriados
   126 | D        | Reached ** piety under Cheibriados
   126 | D        | Arena points: 12 (+12) [x2]
   142 | D        | Bought a faintly glowing copper ring for 45 gold pieces
   142 | D        | Identified the ring "Sutte" {Int+6 Dex+3} (You bought it in
                  | a shop in the Dungeon)
   142 | D        | Bought a crude diamond amulet for 45 gold pieces
   142 | D        | Identified the amulet of Xony {Faith rF+ Str+3} (You bought
                  | it in a shop in the Dungeon)
   142 | D        | Bought a brightly glowing iron ring for 45 gold pieces
   142 | D        | Identified the ring "Esoche" {EV+5 Dex+2} (You bought it in
                  | a shop in the Dungeon)
   144 | D        | Bought a fine brass amulet for 45 gold pieces
   144 | D        | Identified the amulet of Fyqaxel {RegenMP rN+ Int+2 Dex+4}
                  | (You bought it in a shop in the Dungeon)
   167 | D        | Round 2.
   168 | D        | Noticed an ogre
   173 | D        | Killed an ogre
   174 | D        | Reached XP level 6. HP: 56/56 MP: 12/12
   181 | D        | Reached *** piety under Cheibriados
   182 | D        | Reached skill level 5 in Invocations
   213 | D        | Reached **** piety under Cheibriados
   216 | D        | Arena points: 54 (+42) [x3]
   252 | D        | Round 3.
   265 | D        | Noticed a neqoxec
   269 | D        | Noticed a neqoxec
   270 | D        | Noticed a neqoxec
   271 | D        | Gained mutation: Armour fits poorly on your strangely
                  | shaped body. [a neqoxec]
   274 | D        | Killed a neqoxec
   275 | D        | Reached skill level 5 in Short Blades
   275 | D        | Reached skill level 5 in Long Blades
   275 | D        | Reached skill level 5 in Axes
   275 | D        | Reached skill level 5 in Polearms
   275 | D        | Reached skill level 5 in Staves
   275 | D        | Reached skill level 5 in Ranged Weapons
   275 | D        | Reached skill level 5 in Throwing
   275 | D        | Reached skill level 5 in Dodging
   275 | D        | Reached skill level 5 in Stealth
   275 | D        | Reached skill level 5 in Unarmed Combat
   275 | D        | Reached skill level 5 in Spellcasting
   275 | D        | Reached skill level 5 in Evocations
   275 | D        | Reached XP level 7. HP: 63/63 MP: 14/14
   281 | D        | Gained mutation: You occasionally lose the ability to drink
                  | potions when taking damage. [a neqoxec]
   282 | D        | Killed a neqoxec
   283 | D        | Reached skill level 5 in Shapeshifting
   294 | D        | Gained mutation: You sometimes lose your temper in combat.
                  | [a neqoxec]
   296 | D        | Killed a neqoxec
   330 | D        | Noticed a neqoxec
   334 | D        | Gained mutation: You have an uncontrollable temper. [a
                  | neqoxec]
   336 | D        | Killed a neqoxec
   336 | D        | Reached ***** piety under Cheibriados
   337 | D        | Reached skill level 5 in Conjurations
   337 | D        | Reached skill level 5 in Hexes
   337 | D        | Reached skill level 5 in Summonings
   337 | D        | Reached skill level 5 in Necromancy
   337 | D        | Reached skill level 5 in Translocations
   337 | D        | Reached skill level 5 in Transmutations
   337 | D        | Reached skill level 5 in Fire Magic
   337 | D        | Reached skill level 5 in Ice Magic
   337 | D        | Reached skill level 5 in Air Magic
   337 | D        | Reached skill level 5 in Earth Magic
   337 | D        | Reached skill level 5 in Poison Magic
   355 | D        | Noticed a neqoxec
   357 | D        | Noticed a neqoxec
   364 | D        | Killed a neqoxec
   365 | D        | Reached XP level 8. HP: 56/71 MP: 17/17
   371 | D        | Arena points: 138 (+84) [x4]
   395 | D        | Bought 3 potions of mutation for 168 gold pieces
   395 | D        | Lost mutation: You occasionally lose the ability to drink
                  | potions when taking damage. [potion of mutation]
   395 | D        | Lost mutation: Armour fits poorly on your strangely shaped
                  | body. [potion of mutation]
   395 | D        | Gained mutation: You have hidden genetic defects. [potion
                  | of mutation]
   395 | D        | Lost mutation: You have hidden genetic defects. [potion of
                  | mutation]
   396 | D        | Lost mutation: You have an uncontrollable temper. [potion
                  | of mutation]
   396 | D        | Lost mutation: You sometimes lose your temper in combat.
                  | [potion of mutation]
   396 | D        | Gained mutation: You have hidden genetic potential. [potion
                  | of mutation]
   396 | D        | Gained mutation: You have great hidden genetic potential.
                  | [potion of mutation]
   396 | D        | Gained mutation: You expend magic power (3 MP) to
                  | strengthen your wands. [potion of mutation]
   396 | D        | Gained mutation: You possess an exceptional clarity of
                  | mind. [potion of mutation]
   398 | D        | Round 4.
   406 | D        | Noticed a merfolk
   419 | D        | Killed a merfolk
   424 | D        | Noticed a wyvern
   434 | D        | Killed a wyvern
   449 | D        | Noticed a snapping turtle
   453 | D        | Noticed a merfolk
   461 | D        | Killed a merfolk
   462 | D        | Reached XP level 9. HP: 26/78 MP: 5/19
   473 | D        | Reached skill level 10 in Fighting
   473 | D        | Reached skill level 10 in Armour
   473 | D        | Reached skill level 10 in Shields
   480 | D        | Noticed a merfolk
   480 | D        | Gained mutation: Your spells are a little harder to cast,
                  | but a little more powerful. [hidden potential]
   488 | D        | Killed a merfolk
   510 | D        | Arena points: 298 (+160) [x5]
   520 | D        | Round 5.
   522 | D        | Bought 3 potions of heal wounds for 105 gold pieces
   527 | D        | Noticed the 27-headed Lernaean hydra
   531 | D        | Noticed a bloated husk
   538 | D        | HP: 5/117 [the 27-headed Lernaean hydra (8)]
   538 | D        | Slain by the 27-headed Lernaean hydra

Illustrated notes

Levels and vault maps discovered:
D:        arena_sprint

Skill      XL: |  1  2  3  4  5  6  7  8  9 |
---------------+----------------------------+-----
Short Blades   | 2 3 4 5 6 7 |  7.7
Long Blades    | 2 3 4 5 6 7 |  7.7
Axes           | 2 3 4 5 6 7 |  7.7
Maces & Flails | 5 6 7 8 9 |  9.1
Polearms       | 2 3 4 5 6 7 |  7.7
Staves         | 2 3 4 5 6 7 |  7.7
Ranged Weapons | 2 3 4 5 6 7 |  7.7
Throwing       | 2 3 4 5 6 7 |  7.7
Dodging        | 2 3 4 5 6 7 |  7.7
Stealth        | 2 3 4 5 6 7 |  7.7
Unarmed Combat | 2 3 4 5 6 7 |  7.7
Spellcasting   | 2 3 4 5 6 7 |  7.7
Conjurations   | 1 2 3 4 5 6 |  6.4
Hexes          | 1 2 3 4 5 6 |  6.4
Summonings     | 1 2 3 4 5 6 |  6.4
Necromancy     | 1 2 3 4 5 6 |  6.4
Translocations | 1 2 3 4 5 6 |  6.4
Transmutations | 1 2 3 4 5 6 |  6.4
Fire Magic     | 1 2 3 4 5 6 |  6.4
Ice Magic      | 1 2 3 4 5 6 |  6.4
Air Magic      | 1 2 3 4 5 6 |  6.4
Earth Magic    | 1 2 3 4 5 6 |  6.4
Poison Magic   | 1 2 3 4 5 6 |  6.4
Invocations    | 2 3 4 5 6 7 8 |  8.5
Evocations     | 2 3 4 5 6 7 |  7.7
Shapeshifting  | 2 4 5 6 7 |  7.1
Fighting       | 7 8 9 10 | 10.2
Armour         | 7 8 9 10 | 10.2
Shields        | 7 8 9 10 | 10.2

Action                     |  1- 3 |  4- 6 |  7- 9 || total
---------------------------+-------+-------+-------++-------
  Melee: Flail             |       |    31 |    74 ||   105
         Bite              |       |     2 |    12 ||    14
  Throw: Throwing net      |       |       |     2 ||     2
 Invoke: Slouch            |       |       |     8 ||     8
  Evoke: Wand              |     4 |     6 |       ||    10
    Use: Potion            |       |       |     6 ||     6
         Scroll            |       |       |     2 ||     2
   Stab: Held in net/web   |       |       |     5 ||     5
         Distracted        |       |       |     2 ||     2
 Armour: Scale mail        |       |    11 |    54 ||    65
  Dodge: Dodged            |       |    19 |    51 ||    70
  Block: Buckler           |       |     6 |    18 ||    24

Table legend: (Time is in decaauts)
 A = Elapsed time spent in this place.
 B = Non-inter-level travel time spent in this place.
 C = Inter-level travel time spent in this place.
 D = Time resting spent in this place.
 E = Time spent auto-exploring this place.
 F = Levels seen in this place.
 G = Mean time per level.
                   A        B        C        D        E       F      G
               +--------+--------+--------+--------+--------+-----+--------+
         Total |    738 |    738 |      0 |     68 |      0 |   1 |  738.0 |
       Dungeon |    738 |    738 |      0 |     68 |      0 |   1 |  738.0 |
               +--------+--------+--------+--------+--------+-----+--------+

Top non-repeatable levels by time:
       D: 738 daAuts
